 Dungeon Crawl Stone Soup version 0.28-a0-1130-gc51a68064b (webtiles) character file.

Game seed: 256190416715862480

5 Defined the Chopper (level 1, -2/20 HPs)
             Began as a Hill Orc Monk on Dec 12, 2021.
             Slain by a quokka (3 damage)
             ... on level 1 of the Dungeon.
             The game lasted 00:00:52 (388 turns).

Defined the Chopper (Hill Orc Monk)                  Turns: 388, Time: 00:00:53

Health: -2/20      AC:  3    Str: 13    XL:     1   Next: 80%
Magic:  1/1        EV: 12    Int: 10    God:
Gold:   0          SH:  0    Dex: 13    Spells: 0/0 levels left

rFire   . . .      SeeInvis .   a - +0 hand axe
rCold   . . .      Faith    .   (no shield)
rNeg    . . .      Spirit   .   c - +0 leather armour
rPois   .          Reflect  .   (no helmet)
rElec   .          Harm     .   (no cloak)
rCorr   .          Rampage  .   (no gloves)
Will    .....                   (no boots)
Stlth   ++........              (no amulet)
HPRegen 0.06/turn               (no ring)
MPRegen 0.07/turn               (no ring)

@: no status effects
A: no striking features
a: no special abilities


You were on level 1 of the Dungeon.
You visited 1 branch of the dungeon, and saw 1 of its levels.

Inventory:

Hand Weapons
 a - a +0 hand axe (weapon)
Armour
 b - a +0 robe
 c - a +0 leather armour (worn)


   Skills:
 + Level 3.8 Fighting
 + Level 4.0 Axes
 + Level 2.5 Dodging
 + Level 1.6 Stealth


You couldn't memorise any spells.
You didn't know any spells.
Your spell library was empty.

Dungeon Overview and Level Annotations

Branches:
Dungeon (1/15)

Altars:


Message History

A quokka comes into view.
A quokka is nearby!
An endoplasm comes into view.
The endoplasm quivers.
The helpless quokka fails to defend itself.
You hit the quokka but do no damage. The quokka bites you. x2
You closely miss the quokka. The quokka barely misses you.
You barely miss the quokka. The quokka bites you.
You completely miss the quokka. You hit the endoplasm. The quokka bites you.
The endoplasm barely misses you.
The quokka bites you but does no damage.
You closely miss the quokka. You hit the endoplasm but do no damage.
The endoplasm closely misses you. The quokka bites you.
You hit the endoplasm.
The endoplasm is heavily wounded.
You hit the quokka. The endoplasm freezes you.
You are frozen.
* * * LOW HITPOINT WARNING * * *
The quokka barely misses you.
The endoplasm hits you but does no damage.
The quokka misses you. The quokka closely misses you. The quokka bites you.
* * * LOW HITPOINT WARNING * * *
You see here a giant cockroach corpse.
The quokka barely misses you.
The quokka bites you but does no damage.
There is a stone staircase leading down here.
The quokka closely misses you. The quokka bites you.
* * * LOW HITPOINT WARNING * * *
You see here a +0 club.
The quokka misses you. The quokka closely misses you.
There is a stone staircase leading down here.
You miss the quokka. The quokka bites you.
* * * LOW HITPOINT WARNING * * *
You miss the quokka. The quokka barely misses you. The quokka bites you.
You die...

#.# # ####.# # #
...#.# .# #
...).#############.# #
...................###
#
.....####.###.........
#
#........÷.........##
# ..##.####.####.###.#
# #.##.# #..÷..Jr@..#
# .....#
######.########### #
..#### #.##........#
## ### #.##.######.#
#. # #.##.# #.# #. #
#.##.# #.# #. # #.##.#
#.# ## # #.##.# #.#
#.##.# #.#


You could see an endoplasm and a quokka.

Vanquished Creatures
  A giant cockroach (D:1)
  A goblin (D:1)
  A quokka (D:1)
  A ball python (D:1)
  A rat (D:1)
5 creatures vanquished.

Notes
Turn   | Place    | Note
-------+----------+-------------------------------------------
     0 | D:1      | Defined the Hill Orc Monk began the quest for the Orb.
     0 | D:1      | Reached XP level 1. HP: 19/19 MP: 1/1
   350 | D:1      | HP: 1/20 [quokka (2)]
   372 | D:1      | HP: 1/20 [quokka (1)]
   387 | D:1      | HP: 1/20 [quokka (1)]
   388 | D:1      | Slain by a quokka

Illustrated notes

Levels and vault maps discovered:
D:1:      scummos_arrival_hexagon, layout_loops_ring, glass_columns_a

Action                   || total
-------------------------++-------
Melee: Hand axe          ||    29
 Stab: Sleeping          ||     2
Armor: Leather armour    ||     8
       Robe              ||     3
Dodge: Dodged            ||    22

Table legend: (Time is in decaauts)
 A = Elapsed time spent in this place.
 B = Non-inter-level travel time spent in this place.
 C = Inter-level travel time spent in this place.
 D = Time resting spent in this place.
 E = Time spent auto-exploring this place.
 F = Levels seen in this place.
 G = Mean time per level.
                   A        B        C        D        E       F      G
               +--------+--------+--------+--------+--------+-----+--------+
         Total |    390 |    390 |      0 |      0 |    235 |   1 |  390.0 |
       Dungeon |    390 |    390 |      0 |      0 |    235 |   1 |  390.0 |
               +--------+--------+--------+--------+--------+-----+--------+

Top non-repeatable levels by time:
     D:1: 390 daAuts
